General information
- name: BNet
- type: Ladder team game (AT/RT)
- host: Battle.net
- saver: Estrangement
map: Deathknell
- players: 8
- length: 33:09
- speed: Fast
- version: 1.26 W3XP
- replay type: Public
» download(177 KB)
Players
team 1 (loser)

»
roseta_stoned (
orange | 67 APM | 2179 actions | 32:31)
4 Archmage
2 Summon Water Elemental
2 Brilliance Aura
2 Mountain King
1 Storm Bolt
1 Bash
» actions
| Assign group hotkey | 24 | |
| Basic commands | 105 | |
| Build / train | 79 | |
| Enter build submenu | 34 | |
| Enter hero's abilities submenu | 6 | |
| Give item / drop item | 3 | |
| Remove unit from queue | 1 | |
| Right click | 686 | |
| Select / deselect | 961 | |
| Select group hotkey | 193 | |
| Use ability | 87 | |
2179 total
» units
| Peasant | 25 | |
| Footman | 7 | |
| Knight | 3 | |
| Dragonhawk Rider | 3 | |
| Priest | 2 | |
| Siege Engine | 1 | |
41 total
» upgrades
| Defend | 1 | |
| Lumber Harvesting | 1 | |
| Masonry | 2 | |
| Priest Training | 2 | |
| Swords | 1 | |
| Plating | 1 | |
| Cloud | 1 | |
| Barrage | 1 | |
10 total
» buildings
| Altar of Kings | 1 | |
| Farm | 9 | |
| Barracks | 1 | |
| Lumber Mill | 1 | |
| Arcane Vault | 1 | |
| Scout Tower | 9 | |
| Town Hall | 3 | |
| Arcane Tower | 3 | |
| Keep | 1 | |
| Guard Tower | 6 | |
| Blacksmith | 1 | |
| Castle | 1 | |
| Arcane Sanctum | 1 | |
| Gryphon Aviary | 1 | |
| Workshop | 3 | |
42 total
» build order
00:25 Altar of Kings
00:28 Farm
00:31 Barracks
00:54 Farm
01:47 Farm
02:17 Lumber Mill
02:31 Arcane Vault
03:09 Scout Tower
03:47 Town Hall
03:53 Scout Tower
04:54 Arcane Tower
05:44 Keep
05:52 Scout Tower
06:05 Arcane Tower
06:37 Guard Tower
06:51 Scout Tower
07:47 Blacksmith
07:57 Guard Tower
08:14 Farm
08:17 Castle
08:45 Farm
08:57 Arcane Sanctum
09:23 Farm
09:59 Town Hall
10:18 Scout Tower
10:21 Scout Tower
10:40 Gryphon Aviary
10:51 Guard Tower
10:53 Guard Tower
10:56 Scout Tower
11:09 Scout Tower
11:25 Guard Tower
11:27 Scout Tower
12:25 Farm
12:27 Farm
12:33 Guard Tower
12:34 Arcane Tower
12:45 Workshop
13:28 Workshop
14:09 Workshop
14:13 Farm
14:38 Keep
15:48 Town Hall
» items
| Scroll of Regeneration | 5 | |
| Lesser Clarity Potion | 1 | |
| Potion of Healing | 2 | |
8 total

»
FM2 (
purple | 49 APM | 1452 actions | 29:54)
5 Death Knight
2 Death Coil
3 Unholy Aura
5 Dark Ranger
3 Black Arrow
2 Life Drain
» actions
| Build / train | 48 | |
| Enter build submenu | 28 | |
| Enter hero's abilities submenu | 10 | |
| Give item / drop item | 3 | |
| Remove unit from queue | 1 | |
| Right click | 780 | |
| Select / deselect | 473 | |
| Use ability | 109 | |
1452 total
» units
| Acolyte | 9 | |
| Ghoul | 3 | |
| Crypt Fiend | 6 | |
| Obsidian Statue | 2 | |
| Frost Wyrm | 5 | |
25 total
» upgrades
| Creature Attack | 2 | |
| Web | 1 | |
| Freezing Breath | 1 | |
| Creature Carapace | 1 | |
5 total
» buildings
| Crypt | 1 | |
| Ziggurat | 10 | |
| Altar of Darkness | 2 | |
| Graveyard | 1 | |
| Tomb of Relics | 1 | |
| Halls of the Dead | 2 | |
| Slaughterhouse | 1 | |
| Black Citadel | 1 | |
| Necropolis | 2 | |
| Sacrificial Pit | 1 | |
| Boneyard | 2 | |
24 total
» build order
00:09 Crypt
00:11 Ziggurat
00:33 Altar of Darkness
00:59 Graveyard
01:36 Tomb of Relics
01:57 Ziggurat
03:05 Halls of the Dead
03:05 Halls of the Dead
04:10 Ziggurat
05:46 Slaughterhouse
06:11 Ziggurat
06:59 Black Citadel
08:25 Necropolis
09:18 Ziggurat
10:43 Sacrificial Pit
11:52 Boneyard
11:55 Boneyard
13:25 Ziggurat
16:25 Ziggurat
16:27 Ziggurat
22:43 Ziggurat
22:46 Ziggurat
26:32 Necropolis
27:04 Altar of Darkness
» items
NeverHadNo1Ever (
yellow | 37 APM | 1229 actions | 33:03)
6 Blademaster
3 Wind Walk
2 Critical Strike
1 Bladestorm
» actions
| Assign group hotkey | 48 | |
| Basic commands | 81 | |
| Build / train | 64 | |
| Enter build submenu | 26 | |
| Enter hero's abilities submenu | 6 | |
| Give item / drop item | 5 | |
| Remove unit from queue | 3 | |
| Right click | 457 | |
| Select / deselect | 264 | |
| Select group hotkey | 175 | |
| Use ability | 100 | |
1229 total
» units
| Peon | 8 | |
| Grunt | 5 | |
| Goblin Shredder | 1 | |
| Goblin Zeppelin | 3 | |
| Goblin Sapper | 18 | |
| Wind Rider | 4 | |
39 total
» upgrades
| Ranged Weapons | 3 | |
| Armor | 3 | |
| Envenomed Spears | 1 | |
7 total
» buildings
| Orc Burrow | 8 | |
| Altar of Storms | 1 | |
| Barracks | 1 | |
| Voodoo Lounge | 1 | |
| Stronghold | 1 | |
| War Mill | 2 | |
| Beastiary | 4 | |
| Great Hall | 2 | |
| Watch Tower | 8 | |
| Fortress | 1 | |
29 total
» build order
00:12 Orc Burrow
00:50 Altar of Storms
00:52 Barracks
01:06 Orc Burrow
01:51 Voodoo Lounge
02:52 Stronghold
03:51 Orc Burrow
04:36 War Mill
04:48 Orc Burrow
05:32 Beastiary
05:34 Beastiary
05:51 Great Hall
06:19 Orc Burrow
06:57 War Mill
07:22 Watch Tower
07:23 Watch Tower
07:23 Watch Tower
07:27 Watch Tower
08:58 Fortress
09:49 Beastiary
09:51 Beastiary
09:56 Orc Burrow
09:58 Orc Burrow
09:59 Orc Burrow
21:12 Great Hall
21:43 Watch Tower
21:44 Watch Tower
21:45 Watch Tower
21:46 Watch Tower
» items
| Healing Salve | 5 | |
| Scroll of Town Portal | 1 | |
6 total
worldwar100 (
blue | 59 APM | 1948 actions | 33:07)
3 Pit Lord
2 Rain of Fire
1 Cleaving Attack
» actions
| Assign group hotkey | 40 | |
| Basic commands | 142 | |
| Build / train | 51 | |
| Enter build submenu | 17 | |
| Enter hero's abilities submenu | 3 | |
| Give item / drop item | 1 | |
| Remove unit from queue | 2 | |
| Right click | 676 | |
| Select / deselect | 226 | |
| Select group hotkey | 739 | |
| Use ability | 51 | |
1948 total
» units
| Peasant | 12 | |
| Footman | 4 | |
| Goblin Shredder | 1 | |
| Dragonhawk Rider | 2 | |
| Gryphon Rider | 3 | |
| Goblin Sapper | 2 | |
| Goblin Zeppelin | 2 | |
26 total
» upgrades
| Masonry | 3 | |
| Swords | 2 | |
| Armor | 1 | |
| Cloud | 1 | |
7 total
» buildings
| Altar of Kings | 1 | |
| Barracks | 1 | |
| Farm | 10 | |
| Scout Tower | 1 | |
| Arcane Tower | 1 | |
| Arcane Vault | 1 | |
| Lumber Mill | 1 | |
| Town Hall | 1 | |
| Keep | 1 | |
| Gryphon Aviary | 4 | |
| Castle | 1 | |
| Blacksmith | 1 | |
24 total
» build order
00:08 Altar of Kings
00:20 Barracks
00:41 Farm
00:51 Farm
01:31 Farm
01:37 Scout Tower
02:11 Arcane Tower
02:40 Arcane Vault
02:57 Lumber Mill
03:58 Town Hall
05:56 Keep
08:18 Gryphon Aviary
08:18 Gryphon Aviary
08:19 Gryphon Aviary
08:20 Gryphon Aviary
08:22 Farm
08:22 Farm
08:23 Farm
08:23 Farm
08:24 Farm
08:28 Castle
08:53 Blacksmith
10:27 Farm
10:27 Farm
» items
| Scroll of Regeneration | 3 | |
| Scroll of Town Portal | 3 | |
| Potion of Healing | 3 | |
9 total
team 2 (winner)

»
thistimehellyou (
red | 94 APM | 304 actions | 03:14)
1 Keeper of the Grove
1 Entangling Roots
» actions
| Assign group hotkey | 21 | |
| Build / train | 35 | |
| ESC pressed | 1 | |
| Enter build submenu | 10 | |
| Enter hero's abilities submenu | 1 | |
| Right click | 156 | |
| Select / deselect | 35 | |
| Select group hotkey | 35 | |
| Use ability | 10 | |
304 total
» units
» buildings
| Moon Well | 3 | |
| Altar of Elders | 2 | |
| Ancient of War | 1 | |
| Ancient of Wonders | 1 | |
7 total
» build order
00:03 Moon Well
00:07 Altar of Elders
00:10 Altar of Elders
00:49 Ancient of War
01:27 Moon Well
01:49 Ancient of Wonders
02:11 Moon Well

»
Fern (
pink | 35 APM | 307 actions | 08:47)
3 Beastmaster
1 Summon Bear
2 Summon Hawk
» actions
| Basic commands | 13 | |
| Build / train | 36 | |
| Enter build submenu | 13 | |
| Enter hero's abilities submenu | 3 | |
| Right click | 87 | |
| Select / deselect | 139 | |
| Use ability | 16 | |
307 total
» units
» upgrades
| Improved Bows | 1 | |
| Strength of the Moon | 2 | |
| Moon Armor | 1 | |
4 total
» buildings
| Moon Well | 5 | |
| Altar of Elders | 1 | |
| Ancient of War | 1 | |
| Tree of Ages | 1 | |
| Hunter's Hall | 1 | |
| Tree of Life | 1 | |
| Blacksmith | 1 | |
| Ancient of Wind | 1 | |
| Tree of Eternity | 1 | |
13 total
» build order
00:15 Moon Well
00:19 Altar of Elders
01:11 Ancient of War
01:23 Moon Well
02:33 Moon Well
03:09 Tree of Ages
04:10 Hunter's Hall
04:46 Tree of Life
05:04 Blacksmith
05:20 Moon Well
06:26 Ancient of Wind
06:28 Tree of Eternity
07:59 Moon Well

»
BLaCKCLaDLaD (
green | 23 APM | 82 actions | 03:30)
1 Mountain King
1 Storm Bolt
» actions
| Assign group hotkey | 3 | |
| Build / train | 18 | |
| Enter build submenu | 8 | |
| Enter hero's abilities submenu | 1 | |
| Right click | 15 | |
| Select / deselect | 28 | |
| Select group hotkey | 1 | |
| Use ability | 8 | |
82 total
» units
» buildings
| Farm | 5 | |
| Lumber Mill | 1 | |
| Altar of Kings | 1 | |
| Barracks | 1 | |
8 total
» build order
00:41 Farm
00:57 Lumber Mill
01:09 Altar of Kings
01:17 Farm
01:26 Barracks
01:53 Farm
02:31 Farm
03:11 Farm
Estrangement (
teal | 84 APM | 2781 actions | 33:09)
3 Archmage
1 Summon Water Elemental
2 Brilliance Aura
» actions
| Assign group hotkey | 46 | |
| Basic commands | 88 | |
| Build / train | 373 | |
| ESC pressed | 49 | |
| Enter build submenu | 154 | |
| Enter hero's abilities submenu | 3 | |
| Right click | 608 | |
| Select / deselect | 536 | |
| Select group hotkey | 636 | |
| Use ability | 288 | |
2781 total
» units
| Peasant | 49 | |
| Footman | 2 | |
| Dragonhawk Rider | 3 | |
| Gryphon Rider | 4 | |
58 total
» upgrades
| Masonry | 4 | |
| Lumber Harvesting | 2 | |
| Swords | 3 | |
| Armor | 3 | |
| Cloud | 1 | |
| Storm Hammers | 1 | |
14 total
» buildings
| Altar of Kings | 1 | |
| Barracks | 1 | |
| Farm | 8 | |
| Arcane Vault | 2 | |
| Lumber Mill | 1 | |
| Hunter's Hall | 1 | |
| Town Hall | 5 | |
| Ancient Protector | 12 | |
| Scout Tower | 110 | |
| Guard Tower | 250 | |
| Keep | 3 | |
| Castle | 4 | |
| Blacksmith | 2 | |
| Gryphon Aviary | 7 | |
| Tree of Ages | 4 | |
411 total
» build order
00:56 Altar of Kings
00:58 Barracks
01:01 Farm
01:06 Farm
01:44 Farm
02:31 Farm
02:45 Farm
02:50 Arcane Vault
03:47 Lumber Mill
04:01 Hunter's Hall
04:13 Town Hall
05:30 Ancient Protector
05:33 Ancient Protector
05:35 Ancient Protector
05:42 Ancient Protector
05:47 Ancient Protector
05:50 Ancient Protector
05:57 Scout Tower
05:58 Scout Tower
06:00 Scout Tower
06:01 Scout Tower
06:05 Arcane Vault
06:32 Guard Tower
06:32 Guard Tower
06:32 Guard Tower
06:38 Scout Tower
06:40 Scout Tower
06:41 Scout Tower
07:42 Scout Tower
07:43 Scout Tower
07:43 Scout Tower
07:44 Scout Tower
07:45 Scout Tower
07:47 Scout Tower
07:47 Scout Tower
07:52 Keep
07:52 Keep
07:56 Guard Tower
07:56 Guard Tower
08:03 Guard Tower
08:03 Guard Tower
08:03 Guard Tower
08:05 Guard Tower
08:05 Guard Tower
08:05 Guard Tower
08:20 Guard Tower
08:20 Guard Tower
08:20 Guard Tower
08:21 Guard Tower
08:22 Guard Tower
08:22 Guard Tower
08:24 Guard Tower
08:41 Scout Tower
08:42 Scout Tower
08:43 Scout Tower
08:44 Scout Tower
09:10 Scout Tower
09:13 Scout Tower
09:14 Scout Tower
09:17 Scout Tower
09:18 Scout Tower
09:19 Scout Tower
09:21 Scout Tower
09:22 Guard Tower
09:22 Guard Tower
09:23 Guard Tower
09:47 Guard Tower
09:47 Guard Tower
09:47 Guard Tower
09:52 Guard Tower
09:53 Guard Tower
09:53 Guard Tower
10:04 Guard Tower
10:04 Guard Tower
10:07 Guard Tower
10:07 Guard Tower
10:08 Guard Tower
10:21 Guard Tower
10:21 Guard Tower
10:22 Guard Tower
10:41 Guard Tower
10:41 Guard Tower
10:41 Guard Tower
10:45 Guard Tower
10:45 Guard Tower
10:45 Guard Tower
10:54 Guard Tower
11:11 Ancient Protector
11:13 Ancient Protector
11:14 Ancient Protector
11:15 Ancient Protector
11:22 Ancient Protector
11:48 Castle
11:48 Castle
11:48 Castle
11:52 Scout Tower
11:53 Scout Tower
11:55 Scout Tower
11:57 Scout Tower
11:58 Scout Tower
12:02 Scout Tower
12:04 Scout Tower
12:06 Scout Tower
12:21 Guard Tower
12:22 Guard Tower
12:22 Guard Tower
12:34 Scout Tower
12:35 Scout Tower
12:43 Scout Tower
12:44 Scout Tower
12:46 Scout Tower
12:51 Scout Tower
13:08 Guard Tower
13:08 Guard Tower
13:08 Guard Tower
13:11 Guard Tower
13:11 Guard Tower
13:12 Guard Tower
13:28 Guard Tower
13:28 Guard Tower
13:28 Guard Tower
13:36 Guard Tower
13:36 Guard Tower
13:36 Guard Tower
13:47 Guard Tower
13:47 Guard Tower
13:47 Guard Tower
13:54 Guard Tower
13:54 Guard Tower
13:54 Guard Tower
14:02 Guard Tower
14:02 Guard Tower
14:02 Guard Tower
14:09 Guard Tower
14:09 Guard Tower
14:09 Guard Tower
14:17 Scout Tower
14:18 Scout Tower
14:20 Scout Tower
14:21 Scout Tower
14:30 Scout Tower
14:34 Scout Tower
14:52 Guard Tower
14:52 Guard Tower
14:52 Guard Tower
15:10 Guard Tower
15:11 Guard Tower
15:11 Guard Tower
15:20 Guard Tower
15:20 Guard Tower
15:20 Guard Tower
15:31 Scout Tower
15:33 Scout Tower
15:34 Scout Tower
15:40 Farm
15:40 Farm
15:42 Farm
15:49 Guard Tower
15:50 Guard Tower
15:50 Guard Tower
16:01 Scout Tower
16:01 Scout Tower
16:05 Guard Tower
16:05 Guard Tower
16:05 Guard Tower
16:12 Guard Tower
16:12 Guard Tower
16:18 Scout Tower
16:20 Scout Tower
16:21 Scout Tower
16:30 Scout Tower
16:35 Scout Tower
16:38 Scout Tower
16:40 Scout Tower
16:45 Guard Tower
16:45 Guard Tower
16:50 Scout Tower
16:52 Scout Tower
16:53 Scout Tower
16:54 Scout Tower
16:56 Scout Tower
17:06 Guard Tower
17:07 Guard Tower
17:09 Guard Tower
17:09 Guard Tower
17:09 Guard Tower
17:10 Guard Tower
17:10 Guard Tower
17:10 Guard Tower
17:21 Guard Tower
17:21 Guard Tower
17:21 Guard Tower
17:23 Guard Tower
17:24 Guard Tower
17:24 Guard Tower
17:43 Guard Tower
17:44 Guard Tower
17:44 Guard Tower
17:49 Guard Tower
17:49 Guard Tower
17:49 Guard Tower
18:17 Guard Tower
18:17 Guard Tower
18:17 Guard Tower
18:22 Scout Tower
18:23 Scout Tower
18:25 Scout Tower
18:26 Scout Tower
18:56 Guard Tower
18:56 Guard Tower
18:57 Guard Tower
19:28 Blacksmith
19:40 Scout Tower
19:41 Scout Tower
19:42 Scout Tower
19:42 Scout Tower
19:45 Scout Tower
19:46 Scout Tower
19:48 Scout Tower
19:49 Scout Tower
19:56 Town Hall
20:15 Guard Tower
20:15 Guard Tower
20:15 Guard Tower
20:17 Guard Tower
20:17 Guard Tower
20:17 Guard Tower
20:18 Guard Tower
20:18 Guard Tower
20:18 Guard Tower
20:19 Guard Tower
20:19 Guard Tower
20:20 Guard Tower
20:20 Guard Tower
20:21 Guard Tower
20:22 Guard Tower
20:22 Guard Tower
20:28 Gryphon Aviary
20:30 Gryphon Aviary
20:34 Guard Tower
20:34 Guard Tower
20:34 Guard Tower
20:35 Guard Tower
20:35 Guard Tower
20:35 Guard Tower
20:42 Scout Tower
20:43 Scout Tower
20:44 Scout Tower
20:45 Scout Tower
20:46 Scout Tower
20:47 Scout Tower
20:47 Scout Tower
20:54 Town Hall
20:56 Scout Tower
20:57 Scout Tower
21:04 Scout Tower
21:06 Scout Tower
21:09 Guard Tower
21:10 Guard Tower
21:17 Scout Tower
21:18 Scout Tower
21:18 Scout Tower
21:19 Scout Tower
21:20 Scout Tower
21:21 Scout Tower
21:25 Guard Tower
21:25 Guard Tower
21:25 Guard Tower
21:29 Guard Tower
21:29 Guard Tower
21:29 Guard Tower
21:32 Guard Tower
21:33 Guard Tower
21:33 Guard Tower
21:40 Guard Tower
21:40 Guard Tower
21:41 Guard Tower
21:49 Guard Tower
21:49 Guard Tower
21:49 Guard Tower
22:06 Guard Tower
22:06 Guard Tower
22:06 Guard Tower
22:36 Blacksmith
22:50 Scout Tower
22:51 Scout Tower
22:51 Scout Tower
22:52 Scout Tower
22:56 Scout Tower
22:57 Scout Tower
22:58 Scout Tower
23:52 Guard Tower
23:52 Guard Tower
23:52 Guard Tower
24:07 Scout Tower
24:08 Scout Tower
24:09 Scout Tower
24:17 Scout Tower
24:37 Scout Tower
24:38 Guard Tower
24:38 Guard Tower
24:39 Guard Tower
24:40 Scout Tower
24:44 Scout Tower
24:45 Scout Tower
24:46 Scout Tower
24:46 Scout Tower
24:47 Scout Tower
24:48 Scout Tower
24:53 Guard Tower
24:53 Guard Tower
24:53 Guard Tower
26:00 Guard Tower
26:00 Guard Tower
26:00 Guard Tower
26:35 Gryphon Aviary
26:36 Gryphon Aviary
26:37 Gryphon Aviary
26:38 Gryphon Aviary
26:40 Gryphon Aviary
28:34 Ancient Protector
30:11 Town Hall
30:45 Tree of Ages
30:46 Tree of Ages
31:47 Town Hall
» items
| Scroll of Regeneration | 1 | |
| Lesser Clarity Potion | 1 | |
2 total
Chat log
(00:38 / All) worldwar100: how about that new true detective show on hbo eh
(00:58 / All) NeverHadNo1Ever: gonna wait till first season is done
(01:00 / All) worldwar100: mathew mconahey is a babe
(01:02 / All) NeverHadNo1Ever: so don't spoil it faegghet
(01:13 / All) thistimehellyou: In this game: level 1s talk to each other.
(01:23 / All) Estrangement: That happens all the time faggot
(01:25 / All) Estrangement: Shut up faggot
(01:33 / All) Estrangement: This is a game for level 1s
(01:37 / All) Estrangement: Level 1s rule this game
(01:41 / All) Estrangement: Surrender now to your level 1 overlords
(01:46 / All) Estrangement: Level 1 POWER!
(01:51 / All) Estrangement: LEVEL 1S ARE #1S!
(01:51 / All) thistimehellyou: stfu
(01:52 / All) Estrangement: WOOOOOOOO!
(01:54 / All) thistimehellyou: useless cunt mother fucker
(01:57 / All) thistimehellyou: lucky i dont come over there and bs hyou
(02:02 / All) thistimehellyou: you mother fucking piece ofs hit ill kill you in your sleep
(02:07 / All) Estrangement: You're the cunt who plays the night elf sluts
(02:10 / All) NeverHadNo1Ever: my my
(02:10 / All) Estrangement: Try to tk if you want
(02:13 / All) NeverHadNo1Ever: ever so sensitive
(02:13 / All) Estrangement: You couldn't if you wanted to
(02:16 / All) Estrangement: Because level 1s RULE!
(02:19 / All) Estrangement: LEVEL 1S ARE #1S!
(02:23 / All) thistimehellyou: I'll open a huge hole in your mouth and treat your whole body like a well.
(02:25 / All) NeverHadNo1Ever: Red's got some thin skin
(02:26 / All) Estrangement: NIGHT ELVES ARE NOOB ELVES!
(02:28 / All) NeverHadNo1Ever: and lots of feelings
(02:34 / All) NeverHadNo1Ever: Must be a vagina subhuman
(02:41 / All) thistimehellyou: yellow i can track your ip
(02:46 / All) thistimehellyou: i can drop you if i want i can find you if i want
(02:47 / All) NeverHadNo1Ever: OOOOOOH NOOOOOOO
(02:53 / All) Estrangement: Try it bitch
(02:56 / All) thistimehellyou: stop typing me cuz i got a lot of shit going on and ill come over to your house with an ax
(02:57 / All) NeverHadNo1Ever: My IP says I'm in california
(02:58 / All) Estrangement: MY IP is 127.0.0.1
(03:01 / All) thistimehellyou: i can hack into anything and i am not afraid to kill anyone"
(03:05 / All) thistimehellyou: hope you can understand taht you useless mother fucker.
(03:18 / All) Estrangement: LOL
(03:21 / All) Estrangement: He left as soon as I militia tped
(03:23 / Allies) BLaCKCLaDLaD: he left
(03:24 / All) NeverHadNo1Ever: I hate fags like orange that rush to the inside expo
(04:06 / All) NeverHadNo1Ever: you can't slow build this map because you gotta rush to claim the inside expo
(04:09 / All) NeverHadNo1Ever: from faggots like orange
(04:15 / All) NeverHadNo1Ever: a lot of them won't even be ready and will camp it
(06:52 / All) worldwar100: U ARE WELCOME
(07:28 / All) Estrangement: pink tking
(08:00 / All) Estrangement: fucking all leavers and tk onmy team
(09:08 / All) worldwar100: i consider that outside lol
(10:37 / All) worldwar100: this fucking guy
(10:39 / All) worldwar100: 2 expos
(13:48 / All) worldwar100: now u talk eh
(14:04 / All) worldwar100: aka kodo #1
(14:32 / All) NeverHadNo1Ever: if you're so funny, then why are you on your own tonight?
(14:39 / All) NeverHadNo1Ever: and if you're so clever, then why are you on your own tonight?
(15:43 / All) worldwar100: lol
(15:45 / All) NeverHadNo1Ever: all kill blue
(15:46 / All) NeverHadNo1Ever: he tk
(15:51 / All) NeverHadNo1Ever: go guys
(15:53 / All) NeverHadNo1Ever: now or never
(17:03 / All) worldwar100: u cant tell me what to do u cant tell me what to do
(17:04 / All) worldwar100: u cant tell me what to do u cant tell me what to do
(17:26 / All) NeverHadNo1Ever: You'RE NOT THE BOSS OF ME NOW, YOU'RE NOT THE BOSS OF ME NOW
(17:29 / All) NeverHadNo1Ever: AND YOU'RE NOT SO BIG
(17:49 / All) NeverHadNo1Ever: blue = fuck noob!
(17:59 / All) worldwar100: true dat
(18:28 / All) worldwar100: gold problem eh
(19:23 / All) NeverHadNo1Ever: purple so stupid! HE IS FUCK NOOB
(20:46 / All) worldwar100: fucking orange
(20:48 / All) worldwar100: get alife
(24:25 / All) worldwar100: i def
(24:29 / All) worldwar100: gotta watch ghostbusters tonight
(24:29 / All) Estrangement: the eternal war of a deaht knight wyrmbot struggling to mvoe his hero away from his army
(24:40 / All) worldwar100: i told u purple its oj
(26:12 / All) NeverHadNo1Ever: BLUE YOU FUCK NOOB
(26:16 / All) worldwar100: lol
(26:45 / All) NeverHadNo1Ever: BLUE IS FUCK NOOB
(26:50 / All) worldwar100: fuck u yellow
(26:53 / All) worldwar100: ur a noob
(26:54 / All) worldwar100: im pro
(26:58 / All) worldwar100: ^^
(27:29 / All) worldwar100: fuck u oj!!!
(27:59 / All) worldwar100: told u it was oj
(28:02 / All) worldwar100: that was oj
(28:09 / All) NeverHadNo1Ever: My ruse has been discovered!
(28:53 / All) NeverHadNo1Ever: LEt'S GO
(28:53 / All) FM2: fuck this team man
(28:55 / All) NeverHadNo1Ever: COME AT ME BRO
(28:56 / All) FM2: eas ass win
(28:56 / All) worldwar100: run purple
(29:12 / All) FM2: fuck this game
(29:16 / All) Estrangement: Quit
(29:19 / All) Estrangement: I beat you 1v4
(29:20 / All) NeverHadNo1Ever: Tell it to tumblr
(29:24 / All) FM2: you beat shit
(29:26 / All) FM2: yellow is tking
(29:29 / All) NeverHadNo1Ever: Boohoo you fucking big baby
(29:31 / All) Estrangement: Yes I did you're shit and I beat you
(29:33 / All) NeverHadNo1Ever: Crying ltitle sissy
(29:39 / All) FM2: bulls hit
(29:42 / All) FM2: noob tower
(29:48 / All) Estrangement: I have no issue with towers but they beat you
(30:39 / All) NeverHadNo1Ever: lawl all game I've been bombing him
(30:48 / All) NeverHadNo1Ever: "who's fucking with mne?
(30:54 / All) NeverHadNo1Ever: I had a zep or burrow at every lab
(31:20 / All) worldwar100: in his defense
(31:23 / All) worldwar100: the game was over
(32:35 / All) Estrangement: lol
(32:41 / All) worldwar100: i do not care eithe rway
(32:45 / All) Estrangement: My side all left insantly
(32:47 / All) worldwar100: it sucked they were mutes
(32:48 / All) Estrangement: they don't give a shit
(32:55 / All) Estrangement: your team loses IMO unless it didn't talk
(32:58 / All) Estrangement: Red was a clown
(33:00 / All) NeverHadNo1Ever: Purple and orange lose IMO
(33:06 / All) worldwar100: one more game?